 Dungeon Crawl Stone Soup version 0.32-a0-886-g41c5271027 (webtiles) character file.

Game seed: 4093924328383509814

112 DEFE the Chopper (level 4, -1/35 HPs)
             Began as a Coglin Fighter on Apr 2, 2024.
             Slain by a phantom (4 damage)
             ... on level 3 of the Dungeon.
             The game lasted 00:01:52 (2664 turns).

DEFE the Chopper (Coglin Fighter)                   Turns: 2664, Time: 00:01:52

Health: -1/35      AC:  4    Str: 18    XL:     4   Next: 93%
Magic:  4/4        EV: 10    Int:  7    God:
Gold:   73         SH:  0    Dex: 14    Spells: 3/3 levels left

rFire   . . .        a - +0 war axe {Balvinder}
rCold   + . .        h - +0 hand axe {Rupprecht}
rNeg    . . .        m - +1 leather armour {rC+}
rPois   .            (no helmet)
rElec   .            (no cloak)
rCorr   .            (no gloves)
SInv    .            (no boots)
Will    .....        (amulet unavailable)
Stlth   +            (ring unavailable)
HPRegen 0.25/turn    (ring unavailable)
MPRegen 0.09/turn    (no gizmo)

%: no passive effects
@: revved
A: off-hand wielding, slow wielding, warmup strikes, no jewellery
a: Invent Gizmo


You were on level 3 of the Dungeon.
You visited 1 branch of the dungeon, and saw 4 of its levels.
You also visited: Sewer.

You collected 73 gold pieces.

Inventory:

Hand Weapons
 a - a +0 war axe (weapon) {Balvinder}
 h - a +0 hand axe (offhand) {Rupprecht}
Armour
 b - a +0 scale mail
 c - a +0 buckler
 m - a +1 leather armour of cold resistance (worn)
Scrolls
 k - 3 scrolls of teleportation
 n - a scroll of enchant armour
 o - a scroll of fear {unknown}
 p - 2 scrolls of fog
Potions
 d - a potion of might
 e - 2 potions of haste {unknown}
 f - 2 potions of enlightenment {unknown}
 g - 2 potions of attraction {unknown}
 i - 3 potions of lignification {unknown}
 j - 2 potions of heal wounds {unknown}
 l - 4 potions of curing {unknown}
 q - 2 potions of magic {unknown}
 r - 2 potions of cancellation {unknown}


   Skills:
 - Level 3.0 Fighting
 + Level 4.9 Axes
 - Level 2.6 Armour
 - Level 2.1 Shields


You had 3 spell levels left.
You didn't know any spells.
Your spell library was empty.

Dungeon Overview and Level Annotations

Branches:
Dungeon (4/15)              Sewer (visited)
 Temple: D:4-7

Altars:

Annotations:
D:3 2 transporters


Innate Abilities, Weirdness & Mutations

You can wield a second weapon in your off-hand.
It takes a long time for you to wield or remove held weapons.
Your first few attacks do less damage.
You cannot equip rings or amulets.


Message History

The phantom is moderately damaged.
You closely miss the phantom with your +0 war axe.
The phantom hits you.
The phantom blinks!
You blink.
Unknown command.
You are too injured to fight recklessly!
Unknown command.
Unknown command.
You are too injured to fight recklessly!
Unknown command.
You are too injured to fight recklessly!
You barely miss the phantom with your +0 hand axe.
The phantom is moderately damaged.
You closely miss the phantom with your +0 war axe.
The phantom hits you.
The phantom blinks!
You blink.
Unknown command.
The phantom hits you.
* * * LOW HITPOINT WARNING * * *
Unknown command.
You closely miss the phantom with your +0 war axe.
The phantom is moderately damaged.
You barely miss the phantom with your +0 hand axe.
The phantom closely misses you. x2
Unknown command.
You hit the phantom but do no damage.
The phantom is moderately damaged.
You closely miss the phantom with your +0 war axe.
The phantom hits you.
* * * LOW HITPOINT WARNING * * *
The phantom blinks!
You blink.
Unknown command.
You hit the phantom but do no damage.
The phantom is moderately damaged.
You closely miss the phantom with your +0 war axe.
The phantom hits you.
* * * LOW HITPOINT WARNING * * *
You closely miss the phantom with your +0 war axe.
The phantom is moderately damaged.
You hit the phantom with your +0 hand axe.
The phantom hits you.
You die...

#.# #...###.# #.#
###....## #.# #.####
#.# #.# ##.# #.# #..#
#.######### #.##
#........(.
#.#########.#########
#...@W>.....#########
#ยง.#######......<....
#..# #..........# #..#
#........... #>.#
##.#######.. #..# #.#
##.#. #..# #.# ##.###
#..# #.# ##.## #
#..### #.# #.##


You could see a phantom.

Vanquished Creatures
  A gnoll (D:1)
  4 adders (Sewer)
  A white imp (D:3)
  5 ball pythons
  9 endoplasms
  3 giant cockroaches
  A goblin (D:3)
  A hobgoblin (D:2)
  7 jackals (D:1)
  3 quokkas (D:1)
  7 bats
  3 frilled lizards
  4 kobolds
  10 rats
59 creatures vanquished.

Notes
Turn   | Place    | Note
-------+----------+-------------------------------------------
     0 | D:1      | DEFE the Coglin Fighter began the quest for the Orb.
     0 | D:1      | Reached XP level 1. HP: 18/18 MP: 1/1
    54 | D:1      | Reached XP level 2. HP: 8/24 MP: 2/2
   287 | D:1      | Reached skill level 3 in Axes
   651 | D:1      | Reached XP level 3. HP: 27/29 MP: 3/3
  1131 | D:2      | Found a faded altar of an unknown god.
  1308 | D:2      | Reached skill level 4 in Axes
  1562 | D:3      | Found a transporter.
  1622 | D:3      | Reached XP level 4. HP: 29/35 MP: 4/4
  1716 | D:3      | Found a transporter.
  2006 | D:3      | Found a glowing drain.
  2020 | Sewer    | Entered a sewer
  2646 | D:4      | Noticed a phantom
  2664 | D:3      | Slain by a phantom

Illustrated notes

Levels and vault maps discovered:
D:1:      erik_arrival_cave_to_civilisation [erik_arrival_cave_to_hall],
          layout_basic, minmay_surrounded
D:2:      layout_rooms, dreamdust_ecumenical_altar_grove, solitary_fountain
D:3:      gammafunk_wand_slinger, layout_loops_ring, portal_sewer_entry_b
D:4:      cheibrodos_quashed, layout_loops_cross, kennysheep_little_box,
          temple_pool_b

Skill      XL: |  1  2  3 |
---------------+----------+-----
Axes           | 3 4 |  4.9
Fighting       | |  3.0
Armour         | |  2.6
Shields        | |  2.1

Action                     |  1- 3 |  4- 6 || total
---------------------------+-------+-------++-------
  Melee: War axe           |    61 |    56 ||   117
         Hand axe          |    25 |    57 ||    82
    Use: Scroll            |       |     3 ||     3
   Stab: Sleeping          |       |     1 ||     1
 Armour: Scale mail        |    46 |       ||    46
         Leather armour    |     8 |    53 ||    61
  Dodge: Dodged            |    42 |    36 ||    78
  Block: Buckler           |    16 |       ||    16

Table legend: (Time is in decaauts)
 A = Elapsed time spent in this place.
 B = Non-inter-level travel time spent in this place.
 C = Inter-level travel time spent in this place.
 D = Time resting spent in this place.
 E = Time spent auto-exploring this place.
 F = Levels seen in this place.
 G = Mean time per level.
                   A        B        C        D        E       F      G
               +--------+--------+--------+--------+--------+-----+--------+
         Total |   2764 |   2609 |    155 |    186 |   1962 |   5 |  552.8 |
       Dungeon |   2287 |   2132 |    155 |    186 |   1610 |   4 |  571.8 |
         Sewer |    477 |    477 |      0 |      0 |    352 |   1 |  477.0 |
               +--------+--------+--------+--------+--------+-----+--------+

Top non-repeatable levels by time:
     D:1: 1126 daAuts
     D:3: 817 daAuts
   Sewer: 477 daAuts
     D:2: 284 daAuts
     D:4: 59 daAuts
